 Dungeon Crawl Stone Soup version 0.28-a0-769-g550dbda0cd (webtiles) character file.

Game seed: 171484167466786940

88 croobank the Digger (level 4, -3/24 HPs)
             Began as a Gargoyle Earth Elementalist on Oct 31, 2021.
             Was a Follower of Wu Jian.
             Slain by an orc (5 damage)
             ... on level 2 of the Dungeon.
             The game lasted 00:26:00 (1873 turns).

croobank the Digger (Gargoyle Earth Elementalist)   Turns: 1873, Time: 00:26:02

Health: -3/24      AC:  5    Str: 12    XL:     4   Next: 53%
Magic:  3/8        EV: 12    Int: 16    God:    Wu Jian [*.....]
Gold:   55         SH:  0    Dex: 10    Spells: 2/9 levels left

rFire   . . .      SeeInvis .   a - staff of air
rCold   . . .      Faith    .   (no shield)
rNeg    + . .      Spirit   .   b - +0 robe
rPois   ∞          Reflect  .   (no helmet)
rElec   +          Harm     .   (no cloak)
rCorr   .          Rampage  .   (no gloves)
Will    .....                   (no boots)
Stlth   ++........              (no amulet)
HPRegen 0.08/turn               (no ring)
MPRegen 0.11/turn               (no ring)

@: flying
A: sickness immunity, AC +3, negative energy resistance 1, electricity
resistance, torment resistance 1, petrification resistance
a: Renounce Religion


You were on level 2 of the Dungeon.
You worshipped Wu Jian.
Wu Jian was aware of your devotion.
You visited 1 branch of the dungeon, and saw 2 of its levels.

You collected 55 gold pieces.

Inventory:

Hand Weapons
 d - a +3 flail
 h - a +0 short sword
 m - a +2 dagger of flaming
Missiles
 e - 24 bolts
Armour
 b - a +0 robe (worn)
 j - a +0 scale mail
Magical Staves
 a - a staff of air (weapon)
Jewellery
 l - an amulet of guardian spirit
Scrolls
 f - a scroll of amnesia
 i - 2 scrolls of identify


   Skills:
 + Level 0.3(0.5) Maces & Flails
 + Level 0.3(0.5) Staves
 + Level 1.8 Dodging
 + Level 2.6 Stealth
 + Level 3.1 Spellcasting
 + Level 0.7 Transmutations
 + Level 4.6 Earth Magic


You had 2 spell levels left.
You knew the following spells:

 Your Spells              Type           Power      Damage    Failure   Level
a - Sandblast             Erth           34%        2d9       2%          1
b - Passwall              Tmut/Erth      9%         N/A       10%         2
c - Stone Arrow           Conj/Erth      18%        3d8       22%         3
d - Slow                  Hex            8%         N/A       19%         1

Your spell library contained the following spells:

 Spells                   Type           Power      Damage    Failure   Level
 Confusing Touch          Hex            2%         N/A       50%         3
 Portal Projectile        Hex/Tloc       4%         N/A       50%         3
 Vampiric Draining        Necr           1%         2d6       50%         3
 Petrify                  Tmut/Erth      11%        N/A       52%         4
 Animate Armour           Summ/Erth      18%        N/A       56%         4
 Blade Hands              Tmut           2%         N/A       98%         5
 Excruciating Wounds      Necr           1%         N/A       99%         5
 Freezing Cloud           Conj/Ice/Air   1%         6-21      99%         5
 Simulacrum               Ice/Necr       1%         N/A       100%        6
 Lehudib's Crystal Spear  Conj/Erth      4%         10d3      100%        8
 Polar Vortex             Ice            1%         N/A       100%        9


Dungeon Overview and Level Annotations

Branches:
Dungeon (2/15)

Altars:
Wu Jian
Beogh


Innate Abilities, Weirdness & Mutations

You are immune to sickness and miasma.
Your stone body is resilient. (AC +3)
You are immune to poison.
You resist negative energy. (rN+)
You are resistant to electric shocks. (rElec)
You are resistant to unholy torment.
You are immune to petrification.


Message History

The spell is extremely dangerous to cast (22% risk of failure)!
Continue anyway?
Aiming: Stone Arrow (extremely dangerous; 22% risk of failure)
Press: ? - help, Shift-Dir - straight line, f - adder
Aim: an adder (lightly wounded, 43% to hit)
You miscast Stone Arrow.
You are very lightly contaminated with residual magic.
Nothing appears to happen.
The adder misses you. The goblin hits you but does no damage.
The adder closely misses you. The adder bites you but does no damage.
The orc hits you with a +0 short sword.
* * * LOW HITPOINT WARNING * * *
An orc comes into view. It is wielding a +0 whip.
The adder bites you.
* * * LOW HITPOINT WARNING * * *
As you open the door, it creaks loudly! The adder barely misses you.
The orc closely misses you. The orc barely misses you. The adder misses you.
Your magical contamination has completely faded away.
Found a stone.
Found a faded altar of an unknown god.
The orc hits you but does no damage.
There is an open door here.
There is a faded altar of an unknown god here.
You see here a stone.
You cannot tell which god this altar belongs to.
Convert to them anyway?
Wu Jian accepts your prayer! The Council welcomes you!
You can now perform damaging attacks by moving towards foes.
You can now lightly attack monsters by moving around them.
The orc hits you with a +0 short sword.
* * * LOW HITPOINT WARNING * * *
Casting: Stone Arrow (extremely dangerous; 22% risk of failure)
Confirm with . or Enter, or press ? or * to list all spells.
The spell is extremely dangerous to cast (22% risk of failure)!
Continue anyway?
Aiming: Stone Arrow (extremely dangerous; 22% risk of failure)
Press: ? - help, Shift-Dir - straight line, f - orc, p - adder
Aim: an orc, wielding a +0 short sword and wearing a +0 chain mail (74% to hit)
The stone arrow hits the orc.
The orc is severely wounded.
The orc hits you with a +0 short sword.
You die...

#.......###
#..........
###..........
####............
#...........####
#.<.........#
#....###.####
###....# #.#
#@#....# #.#
###o#####. ... ##
##.So..## ..... .
#####..g....# ....
#..#.........#....
##............#.....
#.......#≈#...#
#.⌠.....≈_≈...+
#.......#≈#...#


You could see an adder, 2 orcs and a goblin.

Vanquished Creatures
  An adder (D:2)
  A worm (D:2)
  2 dart slugs
  An orc (D:2)
  5 endoplasms
  2 giant cockroaches (D:2)
  9 goblins
  6 hobgoblins
  3 jackals (D:2)
  7 kobolds
  3 quokkas
  11 ball pythons
  5 bats
  4 frilled lizards
  3 rats (D:2)
63 creatures vanquished.

Notes
Turn   | Place    | Note
-------+----------+-------------------------------------------
     0 | D:1      | croobank the Gargoyle Earth Elementalist began the quest
                  | for the Orb.
     0 | D:1      | Reached XP level 1. HP: 10/10 MP: 3/3
     2 | D:1      | You fall into a shaft and drop 1 floor!
    86 | D:2      | Reached XP level 2. HP: 15/15 MP: 1/5
    87 | D:2      | Reached skill level 4 in Earth Magic
   287 | D:2      | Reached XP level 3. HP: 11/19 MP: 0/6
   567 | D:1      | Learned a level 2 spell: Passwall
   571 | D:1      | Learned a level 3 spell: Stone Arrow
  1037 | D:1      | Reached XP level 4. HP: 24/24 MP: 6/8
  1221 | D:1      | Identified a scroll of acquirement
  1221 | D:1      | Acquired a staff of air
  1243 | D:2      | Learned a level 1 spell: Slow
  1869 | D:2      | Found a faded altar of an unknown god.
  1872 | D:2      | Prayed at the altar of an unknown god.
  1872 | D:2      | Became a worshipper of the Wu Jian Council
  1872 | D:2      | Reached * piety under Wu Jian
  1873 | D:2      | Slain by an orc

Illustrated notes

Levels and vault maps discovered:
D:1:      minmay_arrival_stone_box, layout_rooms, corexii_hall_statues_x,
          st_stairs_8
D:2:      minmay_thinvault, layout_basic,
          hellmonk_ecumenical_altar_defaced_shrine

Skill      XL: |  1  2  3  4 |
---------------+-------------+-----
Earth Magic    | 4 |  4.6
Spellcasting   | 3 |  3.1
Maces & Flails | |  0.3
Staves         | |  0.3
Dodging        | |  1.8
Stealth        | |  2.6
Transmutations | |  0.7

Action                   |  1- 3 |  4- 6 || total
-------------------------+-------+-------++-------
Melee: Flail             |    20 |       ||    20
       Staff             |       |    68 ||    68
 Cast: Sandblast         |    52 |     5 ||    57
       Slow              |       |     1 ||     1
       Stone Arrow       |       |     1 ||     1
  Use: Potion            |     1 |     3 ||     4
       Scroll            |     1 |     2 ||     3
 Stab: Sleeping          |       |     2 ||     2
Armor: Skin              |    14 |       ||    14
       Robe              |    17 |    42 ||    59
Dodge: Dodged            |    28 |    79 ||   107

Table legend: (Time is in decaauts)
 A = Elapsed time spent in this place.
 B = Non-inter-level travel time spent in this place.
 C = Inter-level travel time spent in this place.
 D = Time resting spent in this place.
 E = Time spent auto-exploring this place.
 F = Levels seen in this place.
 G = Mean time per level.
                   A        B        C        D        E       F      G
               +--------+--------+--------+--------+--------+-----+--------+
         Total |   1893 |   1893 |      0 |    320 |    866 |   2 |  946.5 |
       Dungeon |   1893 |   1893 |      0 |    320 |    866 |   2 |  946.5 |
               +--------+--------+--------+--------+--------+-----+--------+

Top non-repeatable levels by time:
     D:2: 992 daAuts
     D:1: 900 daAuts
